 Dungeon Crawl Stone Soup version 0.19.0-19-g8c6edcc (webtiles) character file.

55 vev the Grave Robber (level 3, -3/26 HPs)
             Began as a Mummy Wanderer on Nov 14, 2016.
             Slain by a quokka (4 damage)
             ... on level 2 of the Dungeon.
             The game lasted 00:03:44 (2210 turns).

vev the Grave Robber (Mummy Wanderer)               Turns: 2210, Time: 00:03:44

Health: -3/26      AC:  3    Str: 17    XL:     3   Next: 67%
Magic:  6/6        EV: 12    Int: 11    God:
Gold:   25         SH:  0    Dex: 10    Spells: 0 memorised, 6 levels left

rFire  x . .     SeeInvis .     a - +2 hand axe
rCold  + . .     Gourm    .     d - +0 robe
rNeg   + + +     Faith    .     (no shield)
rPois  ∞         Spirit   .     (no helmet)
rElec  .         Reflect  .     (no cloak)
rCorr  .         Harm     .     i - +0 pair of gloves
MR     .....                    (no boots)
Stlth  +.........               (no amulet)
                                (no ring)
                                h - ring of flight

@: no status effects
A: no food or potions, fire vulnerability, cold resistance 1, negative energy
resistance 3, torment resistance, unbreathing
a: Evoke Flight


You were on level 2 of the Dungeon.
You were not hungry.

You visited 1 branch of the dungeon, and saw 3 of its levels.

You collected 25 gold pieces.

Inventory:

Hand Weapons
 a - a +2 hand axe (weapon)
Armour
 d - a +0 robe (worn)
 i - a +0 pair of gloves (worn)
Jewellery
 h - a ring of flight (left hand)
Scrolls
 c - 2 scrolls of teleportation
 e - a scroll of enchant armour {unknown}
 f - 2 scrolls of fear {unknown}
 g - a scroll of identify {unknown}
Books
 b - the Collected Works on Heat

   Spells                             Type                      Level
   a - Flame Tongue                   Conjuration/Fire             1
   b - Conjure Flame                  Conjuration/Fire             3


   Skills:
 + Level 1.5 Fighting
 * Level 2.7 Axes
 + Level 0.5 Armour
 + Level 1.7 Dodging
 - Level 1.0 Stealth
 - Level 2.0 Spellcasting
   Level 3.0 Necromancy
 - Level 1.0 Evocations


You had 6 spell levels left.
You didn't know any spells.

Dungeon Overview and Level Annotations

Branches:
Dungeon (3/15)

Altars:
Fedhas

Annotations:
D:2 Terence
D:3 Grinder


Innate Abilities, Weirdness & Mutations

You do not eat or drink.
Your flesh is vulnerable to fire.
You are immune to poison.
Your flesh is cold resistant. (rC+)
You are immune to negative energy. (rN+++)
You are immune to unholy pain and torment.
You can survive without breathing.


Message History

The quokka is severely wounded.
You barely miss the goblin. The quokka bites you.
The goblin hits you with a club.
* * * LOW HITPOINT WARNING * * *
The quokka closely misses you.
You are too injured to fight recklessly!
You are too injured to fight recklessly!
You completely miss the goblin. You closely miss the quokka.
The goblin hits you but does no damage. The quokka bites you.
* * * LOW HITPOINT WARNING * * *
Unknown command.
You completely miss the goblin. You closely miss the quokka.
The quokka barely misses you. The goblin hits you with a club.
* * * LOW HITPOINT WARNING * * *
Unknown command.
The quokka barely misses you. x2
You see here a scroll labeled OHAAHAW YMMONG.
The quokka bites you but does no damage.
The quokka bites you.
You die...

. # .# #
####.# #####
# ##....#
##...##
####.....#
#.♣.♣@#
.........#
#..>r.#
###......#
#.♣?♣g#
#......#
##...##
##.....#
##+##
#......##
##.......###
...[......#.#
###....(.##.#


You could see a quokka and a goblin.

Vanquished Creatures
  An adder (D:3)
  2 oozes
  4 dart slugs
  3 leopard geckos
  A ball python (D:1)
  A bat (D:1)
  A giant cockroach (D:1)
  A goblin (D:3)
  4 hobgoblins
  A quokka (D:3)
  A frilled lizard (D:1)
  3 kobolds
  3 rats
26 creatures vanquished.

Notes
Turn   | Place    | Note
-------+----------+-------------------------------------------
     0 | D:1      | vev the Mummy Wanderer began the quest for the Orb.
     0 | D:1      | vev set off with: a +2 hand axe, the Collected Works on Heat, a scroll of teleportation, a +0 robe
     0 | D:1      | Reached XP level 1. HP: 13/13 MP: 3/3
     0 | D:1      | Identified the Collected Works on Heat
   571 | D:1      | Reached skill level 1 in Fighting
   586 | D:1      | Reached XP level 2. HP: 19/21 MP: 5/5
   616 | D:1      | Reached skill level 1 in Dodging
  1172 | D:2      | Reached XP level 3. HP: 26/26 MP: 6/6
  1252 | D:2      | Found a blossoming altar of Fedhas.
  1255 | D:2      | Noticed Terence
  1278 | D:2      | HP: 2/26 [Terence/mace (8)]
  2140 | D:3      | Noticed Grinder
  2205 | D:2      | HP: 1/26 [goblin/club (6)]
  2210 | D:2      | Slain by a quokka

Skill      XL: |  1  2 |
---------------+-------+-----
Fighting       | 1 |  1.5
Dodging        | 1 |  1.7
Axes           | |  2.7
Armour         | |  0.5
Stealth        | |  1.0
Spellcasting   | |  2.0
Necromancy     | |  3.0
Evocations     | |  1.0

Action                   || total
-------------------------++-------
Melee: Hand axe          ||    88
 Stab: Sleeping          ||     2
       Distracted        ||     1
Armor: Robe              ||    11
Dodge: Dodged            ||    51
